 Dungeon Crawl Stone Soup version 0.27-a0-1186-g8b4daa1eef (webtiles) character file.

Game seed: 11755765311563619116

186 Sobieck the Spear-Bearer (level 5, -2/38 HPs)
             Began as a Merfolk Gladiator on May 19, 2021.
             Slain by Menkaure (19 damage)
             ... on level 4 of the Dungeon.
             The game lasted 00:02:34 (1023 turns).

Sobieck the Spear-Bearer (Merfolk Gladiator)        Turns: 1023, Time: 00:02:35

Health: -2/38      AC:  4    Str: 15    XL:     5   Next: 66%
Magic:  5/5        EV: 13    Int:  8    God:
Gold:   41         SH:  0    Dex: 15    Spells: 4/4 levels left

rFire    . . .     SeeInvis .   a - +0 trident {polearm}
rCold    . . .     Faith    .   (no shield)
rNeg     . . .     Spirit   .   b - +0 leather armour
rPois    .         Reflect  .   c - +0 helmet
rElec    .         Harm     .   (no cloak)
rCorr    .         Rampage  .   (no gloves)
Will     .....                  (no boots)
Stlth    +.........             (no amulet)
HPRegen  0.12/turn              (no ring)
MPRegen  0.09/turn              (no ring)

@: no status effects
A: (nimble swimmer 2), mertail
a: no special abilities


You were on level 4 of the Dungeon.
You visited 1 branch of the dungeon, and saw 4 of its levels.

You collected 41 gold pieces.


Innate Abilities, Weirdness & Mutations

((You are quick and stealthy near water. (Stealth+, EV+, Speed+++)))
Your lower body shifts to a powerful aquatic tail in water.


   Skills:
 - Level 2.1 Fighting
 + Level 8.9 Polearms
 - Level 2.0 Throwing
 - Level 4.0 Dodging


You had 4 spell levels left.
You didn't know any spells.
Your spell library was empty.

Inventory:

Hand Weapons
 a - a +0 trident (weapon) {polearm}
Missiles
 d - 3 throwing nets {=f!fthrowing}
 f - 64 stones {throwing}
 g - 27 arrows
 i - 13 poisoned darts (quivered) {throwing}
Armour
 b - a +0 leather armour (worn)
 c - a +0 helmet (worn)
Magical Staves
 k - a staff of conjuration {!a@e2staff}
   (You found it on level 3 of the Dungeon)
Wands
 j - a wand of polymorph (5)
   (You took it off Sigmund on level 3 of the Dungeon)
Scrolls
 e - a scroll of fear {unknown}
 l - a scroll of identify {unknown}
Potions
 h - a potion of curing {@q1}

Dungeon Overview and Level Annotations

Branches:
Dungeon (4/15)
 Temple: D:4-7

Altars:

Annotations:
D:4 Menkaure

# #. ..
#.###########...
...
.................
#..#.
#.####@.......
#....
#.....M####.##
#....###..##..#
...#...#.##..#
............#
#.##.##.#...#
#.#.##.##.#...#
#.......M.##...#
#####..#######...


You could see Menkaure (fast).


Message History

A goblin comes into view. It is wielding a +0 club. 😎 HP[+13]
Your hp is fully restored (38).
There is an open door here.
The goblin shouts!
You reach to attack!
You barely miss the goblin. You hit the goblin.
You kill the goblin!
No target in view!
Things that are here:
a +0 club {mace}; a goblin corpse
Found an escape hatch in the floor.
There is an escape hatch in the floor here.
You now have 29 gold pieces (gained 3).
An orc comes into view. It is wielding a +0 short sword.
You reach to attack!
You hit the orc. You puncture the orc!
You kill the orc!
No target in view!
You see here a +0 short sword {short}.
An endoplasm comes into view.
The endoplasm quivers.
You reach to attack!
You hit the endoplasm but do no damage. You hit the endoplasm.
The endoplasm hits you. 😕 HP[-1]
You take 1 damage, and now have 37/38 hp.
You hit the endoplasm. The endoplasm freezes you.
You are frozen. 😕 HP[-4]
You take 4 damage, and now have 33/38 hp.
You hit the endoplasm but do no damage. The endoplasm misses you.
You hit the endoplasm but do no damage. The endoplasm closely misses you.
You puncture the endoplasm!
You kill the endoplasm! 😕 HP[+1] No target in view!
f - 64 stones {throwing} (gained 22)
You open the door.
Found a stone staircase leading down. 😎 HP[+4]
Your hp is fully restored (38).
(D) Dungeon
Where to? (Enter - D:3 @ (x,y), ? - help)
Found an escape hatch in the ceiling.
There is an open door here.
There is a stone staircase leading down here.
You climb downwards.
There is a stone staircase leading up here.
You now have 41 gold pieces (gained 12).
Menkaure, Prince of Dust comes into view.
Menkaure shouts!
There is a stone staircase leading up here.
You climb upwards.
There is a stone staircase leading down here.
You climb downwards.
Level annotation: Menkaure
There is a stone staircase leading up here.
You climb upwards.
There is a stone staircase leading down here.
You climb downwards.
Level annotation: Menkaure Menkaure points at you and mumbles some strange words.
You barely resist.
There is a stone staircase leading up here.
You climb upwards.
There is a stone staircase leading down here.
You climb downwards.
Level annotation: Menkaure Menkaure casts a spell at you.
You barely resist.
There is a stone staircase leading up here.
You climb upwards.
There is a stone staircase leading down here.
You climb downwards.
Level annotation: Menkaure Menkaure rustles, "Let me perform the rites..."
Menkaure gestures wildly while chanting.
Menkaure seems to speed up.
There is a stone staircase leading up here.
You reach to attack!
You hit Menkaure but do no damage. You barely miss Menkaure.
Menkaure hits you. 😕 HP[-1]
You take 1 damage, and now have 37/38 hp.
You barely miss Menkaure. Menkaure hits you!!
* * * LOW HITPOINT WARNING * * *
😨 HP[-18]
You take 18 damage, and now have 19/38 hp.
MASSIVE DAMAGE!! (PAUSE)
You barely miss Menkaure.
Menkaure calls on the powers of darkness!
Your body is wracked with pain!
* * * LOW HITPOINT WARNING * * *
😨 HP[-8]
You take 8 damage, and now have 11/38 hp.
MASSIVE DAMAGE!! (PAUSE)
You hit Menkaure but do no damage. Menkaure closely misses you.
You feel better. Menkaure hits you!!
Ouch! That really hurt!
You die...

Skill      XL: |  1  2  3 |
---------------+----------+-----
Polearms       | 5 6 8 |  8.9
Fighting       | |  2.1
Throwing       | |  2.0
Dodging        | |  4.0

Action                   |  1- 3 |  4- 6 || total
-------------------------+-------+-------++-------
Melee: Trident           |    45 |    15 ||    60
Throw: Dart              |    13 |       ||    13
  Use: Potion            |     1 |     1 ||     2
 Stab: Sleeping          |     2 |       ||     2
Armor: Leather armour    |     8 |       ||     8
Dodge: Dodged            |    30 |     3 ||    33

Levels and vault maps discovered:
D:1:      matt_arrival_spirals, layout_loops_ring,
          ebering_ecumenical_altar_hall, minivault_14, minmay_misc_feat_doors,
          st_stairs_6, columned_hall_lemuel, minmay_indecisive_spiral
D:2:      layout_loops_ring
D:3:      layout_loops_corners, uniq_jessica, uniq_natasha, uniq_ijyb,
          uniq_sigmund
D:4:      layout_loops_ring, pdpol_wu_jian_five_deadly_venoms, serial_shops,
          shop, minmay_crystal_water, uniq_menkaure, uniq_grinder

Notes
Turn   | Place    | Note
-------+----------+-------------------------------------------
     0 | D:1      | Sobieck the Merfolk Gladiator began the quest for the Orb.
     0 | D:1      | Reached XP level 1. HP: 16/16 MP: 1/1
     0 | D:1      | magus.rc [v1.9.6]
    81 | D:1      | Reached skill level 5 in Polearms
    81 | D:1      | Reached XP level 2. HP: 13/22 MP: 2/2
   379 | D:2      | Reached skill level 6 in Polearms
   379 | D:2      | Reached XP level 3. HP: 27/27 MP: 3/3
   629 | D:3      | Noticed Sigmund
   658 | D:3      | Killed Sigmund
   659 | D:3      | Reached skill level 8 in Polearms
   659 | D:3      | Reached XP level 4. HP: 19/33 MP: 4/4
   659 | D:3      | Reached XP level 5. HP: 22/38 MP: 5/5
   986 | D:4      | Noticed Menkaure
  1023 | D:4      | Slain by Menkaure

Vanquished Creatures
  Sigmund (D:3)
  2 adders
  A worm (D:1)
  A dart slug (D:1)
  An orc (D:3)
  5 endoplasms
  A goblin (D:3)
  A hobgoblin (D:1)
  A kobold (D:1)
  A quokka (D:1)
  A ball python (D:1)
  A bat (D:1)
17 creatures vanquished.

Table legend:
 A = Non-vault XP
 B = Vault XP
 C = Vault XP percentage of total XP
 D = Non-vault monster count
 E = Vault monster count
 F = Vault count percentage of total count
                 A         B        C        D         E       F
            +---------+---------+-------+---------+---------+-------
      Total |      50 |     217 |  81.3 |      11 |       6 |  35.3
            +---------+---------+-------+---------+---------+-------
        D:1 |      12 |       9 |  42.9 |       4 |       5 |  55.6
        D:2 |      15 |       0 |   0.0 |       2 |       0 |   0.0
        D:3 |      23 |     208 |  90.0 |       5 |       1 |  16.7
            +---------+---------+-------+---------+---------+-------

Illustrated notes

Table legend:
 A = Kills in this place as a percentage of kills in entire the game.
 B = Kills by you in this place as a percentage of kills by you in the entire game.
 C = Kills by friends in this place as a percentage of kills by friends in the entire game.
 D = Other kills in this place as a percentage of other kills in the entire game.
 E = Experience gained in this place as a percentage of experience gained in the entire game.
 F = Experience gained in this place divided by the number of levels of this place that you have seen.
                   A       B       C       D       E      F
               +-------+-------+-------+-------+-------+----------------------
         Total | 100.0 | 100.0 |   N/A |   N/A | 100.0 |  66.8
       Dungeon | 100.0 | 100.0 |   N/A |   N/A | 100.0 |  66.8
               +-------+-------+-------+-------+-------+----------------------

Table legend: (Time is in decaauts)
 A = Elapsed time spent in this place.
 B = Non-inter-level travel time spent in this place.
 C = Inter-level travel time spent in this place.
 D = Time resting spent in this place.
 E = Time spent auto-exploring this place.
 F = Levels seen in this place.
 G = Mean time per level.
                   A        B        C        D        E       F      G
               +--------+--------+--------+--------+--------+-----+--------+
         Total |   1018 |    987 |     31 |     62 |    686 |   4 |  254.5 |
       Dungeon |   1018 |    987 |     31 |     62 |    686 |   4 |  254.5 |
               +--------+--------+--------+--------+--------+-----+--------+

Top non-repeatable levels by time:
     D:3: 515 daAuts
     D:1: 332 daAuts
     D:2: 122 daAuts
     D:4: 48 daAuts
